 Dungeon Crawl Stone Soup version 0.19-a0-812-g33f3bc8 (webtiles) character file.

32 FrankyJ the Charlatan (level 3, -1/26 HPs)
             Began as a Demonspawn Artificer on June 28, 2016.
             Slain by a worm (3 damage)
             ... on level 2 of the Dungeon.
             The game lasted 00:03:33 (1284 turns).

FrankyJ the Charlatan (Demonspawn Artificer)        Turns: 1284, Time: 00:03:33

Health: -1/26      AC:  5    Str: 13    XL:     3   Next: 10%
Magic:  5/5        EV: 12    Int: 12    God:
Gold:   146        SH:  0    Dex: 13    Spells: 0 memorised, 2 levels left

rFire  . . .     SeeInvis .     l - +0 spear
rCold  . . .     Gourm    .     b - +0 leather armour
rNeg   . . .     Faith    .     (no shield)
rPois  .         Spirit   .     (helmet restricted)
rElec  .         Dismiss  +     (no cloak)
rCorr  .         Reflect  .     (no gloves)
SustAt .         Harm     .     (no boots)
MR     .....                    i - amulet of dismissal
Stlth  ++........               (no ring)
                                (no ring)

@: not resistant to hostile enchantments, unstealthy
A: antennae 1, thin metallic scales 1
a: no special abilities


You were on level 2 of the Dungeon.
You were not hungry.

You visited 1 branch of the dungeon, and saw 2 of its levels.

You collected 146 gold pieces.

Inventory:

Hand Weapons
 l - a +0 spear (weapon)
Missiles
 o - 7 tomahawks (quivered)
Armour
 b - a +0 leather armour (worn)
Jewellery
 i - an amulet of dismissal (around neck)
 j - an uncursed ring of protection from cold {unknown}
Wands
 c - a wand of flame (15/48)
 d - a wand of enslavement (15/24)
 e - a wand of random effects (15/48)
Scrolls
 m - a scroll of random uselessness {unknown}
 q - a scroll of magic mapping {unknown}
Potions
 h - a potion of mutation {unknown}
 n - a potion of degeneration {unknown}
 p - a potion of might {unknown}
Comestibles
 a - a beef jerky
 f - a bread ration
 g - 2 meat rations
 k - a chunk of flesh


   Skills:
 + Level 1.3 Fighting
   Level 1.2 Short Blades
 * Level 0.3 Polearms
 + Level 2.4 Dodging
 + Level 1.7 Stealth
 - Level 3.0 Evocations


You had 2 spell levels left.
You didn't know any spells.

Dungeon Overview and Level Annotations

Branches:
Dungeon (2/15)

Altars:
Dithmenos


Innate Abilities, Weirdness & Mutations

You have a pair of small antennae on your head.
You are partially covered in thin metallic scales. (AC +2)


Message History

The worm misses you.
You barely miss the worm.
The worm is heavily wounded.
You hit the worm.
The worm is almost dead.
The worm barely misses you.
You hit the worm.
The worm is almost dead.
The worm bites you.
* * * LOW HITPOINT WARNING * * *
You hit the worm but do no damage.
The worm is severely wounded.
You hit the worm but do no damage.
The worm is severely wounded.
The worm bites you.
* * * LOW HITPOINT WARNING * * *
You hit the worm but do no damage.
The worm is severely wounded.
The worm bites you.
You die...

≈♣≈♣♣##.♣≈♣P...#
≈PPP≈≈≈≈≈≈♣....P≈≈...#
≈≈≈♣≈P♣≈≈≈...........#
≈≈≈≈≈≈≈≈♣#......#....#
≈≈≈≈≈≈♣♣#....).#....#
≈≈P♣≈##.........###
♣P≈..............#
###♣♣≈..##......#####..
.......@w..(.....####
###.....#.............
#######.............
.................#
####w............#
.........$......#
..##...........$## .
#............#
#.......<....


You could see a worm.

Vanquished Creatures
  2 dart slugs (D:1)
  A giant gecko (D:1)
  3 giant cockroaches (D:1)
  3 hobgoblins
  3 jackals (D:1)
  2 kobolds (D:1)
  2 bats
  3 giant newts
  A goblin (D:2)
  7 rats
27 creatures vanquished.

Notes
Turn   | Place    | Note
--------------------------------------------------------------
     0 | D:1      | FrankyJ the Demonspawn Artificer began the quest for the Orb.
     0 | D:1      | Reached XP level 1. HP: 15/15 MP: 3/3
    19 | D:1      | Reached skill level 1 in Short Blades
   266 | D:1      | Reached skill level 1 in Stealth
   280 | D:1      | Gained mutation: You are partially covered in thin metallic scales. (AC +2) [demonic ancestry]
   280 | D:1      | Reached XP level 2. HP: 5/21 MP: 4/4
  1116 | D:2      | Gained mutation: You have a pair of small antennae on your head. [demonic ancestry]
  1116 | D:2      | Reached XP level 3. HP: 26/26 MP: 5/5
  1153 | D:2      | Found a shadowy altar of Dithmenos.
  1284 | D:2      | Slain by a worm

Vault maps used:
D:1:      dpeg_arrival_connections, minmay_bisected
D:2:      nicolae_dithmenos_shadow_blocks, kiku_gazebo_garden_becter,
          nicolae_overflow_hidden_temple, serial_bayou, serial_bayou_shore_b,
          serial_bayou_pond_e, serial_bayou_lake_a, serial_bayou_pond_a,
          serial_bayou_pond_d, kennysheep_generic_room_10

Skill      XL: |  1 |
---------------+----+-----
Short Blades   | 1 |  1.2
Dodging        | 2 |  2.4
Stealth        | 1 |  1.7
Fighting       | |  1.3
Polearms       | |  0.3
Evocations     | |  3.0

Action                   || total
-------------------------++-------
Melee: Short sword       ||    51
       Spear             ||    75
 Stab: Sleeping          ||     3
  Eat: Chunk             ||     1
Armor: Leather armour    ||    29
Dodge: Dodged            ||    66
